AoeStats
← DSLG | Mr.Olivaz

Black Forest

508802440Analyzed
2v2 RM · 9d ago on Sep 24, 2026· 72m 0s· 4 players
Game mode
Random Map
Map size
Medium (4 player)
Population
200
Speed
Normal
Resources
Standard
Victory
Conquest
Starting age
Dark Age
Ending age
Imperial Age
RankedLock teamsTeams togetherTeam positionsShared explorationLock speedFull tech treeHidden civsTurbo modeCheats
Victory
Defeat
🇺🇸 Vikings · United States
975
+15
🇲🇽 Persians · Mexico
973
+15
🇲🇽 Romans · Mexico
953
-15
🇲🇽 Romans · Mexico
945
-15
adanvictorl
0:33 Loom
12:17 Feudal Age
19:26 Castle Age
18:01 Scale Mail Armor
18:14 Gold Mining
18:14 Man-at-Arms
20:12 Horse Collar
20:59 Double-Bit Axe
29:25 Bow Saw
33:36 Imperial Age
32:37 Wheelbarrow
32:34 Heavy Plow
32:13 Long Swordsman
33:09 Stone Mining
33:54 Chain Mail Armor
33:30 Fletching
34:21 Forging
35:43 Crop Rotation
35:26 Capped Ram
35:27 Heavy Scorpion
36:05 Legionary
36:41 Siege Ram
38:46 Iron Casting
39:57 Comitatenses
40:05 Hand Cart
40:26 Conscription
41:33 Blast Furnace
40:43 Onager
42:52 Scale Barding Armor
42:48 Padded Archer Armor
42:43 Bodkin Arrow
43:19 Elite Centurion
45:39 Cavalier
46:20 Husbandry
53:41 Chain Barding Armor
53:37 Leather Archer Armor
guerrerotezonca
0:28 Loom
17:22 Feudal Age
19:02 Man-at-Arms
22:47 Horse Collar
22:56 Double-Bit Axe
29:16 Castle Age
27:19 Stone Mining
27:29 Gold Mining
28:27 Scale Mail Armor
28:43 Forging
30:05 Wheelbarrow
29:55 Long Swordsman
31:14 Gold Shaft Mining
33:53 Bow Saw
38:11 Hand Cart
39:39 Heavy Plow
42:37 Imperial Age
40:41 Scale Barding Armor
41:12 Iron Casting
40:53 Chain Mail Armor
41:56 Chain Barding Armor
49:55 Crop Rotation
49:22 Pikeman
50:04 Squires
50:37 Halberdier
52:45 Legionary
54:08 Caravan
54:38 Coinage
55:11 Blast Furnace
54:46 Plate Barding Armor
54:12 Padded Archer Armor
54:02 Fletching
54:50 Conscription
55:04 Guilds
55:53 Banking
54:58 Onager
57:00 Heavy Scorpion
65:11 Elite Centurion
67:21 Ballistas
71:02 Bodkin Arrow
71:22 Leather Archer Armor
DSLG | Mr.Olivaz
0:43 Loom
11:24 Feudal Age
15:50 Castle Age
14:02 Double-Bit Axe
14:28 Horse Collar
23:19 Gold Mining
30:31 Imperial Age
29:23 Gold Shaft Mining
29:15 Heavy Plow
29:50 Bow Saw
31:38 Conscription
31:23 Stone Mining
32:28 Crop Rotation
31:58 Town Watch
34:32 Two-Man Saw
33:18 Onager
37:48 Chemistry
38:13 Fortified Wall
38:47 Chieftains
40:32 Forging
40:23 Scale Mail Armor
40:57 Elite Berserk
41:21 Treadmill Crane
42:07 Caravan
42:04 Capped Ram
42:49 Town Patrol
46:11 Iron Casting
45:52 Chain Mail Armor
46:08 Siege Engineers
47:47 Masonry
48:56 Blast Furnace
48:26 Plate Mail Armor
48:54 Fletching
51:58 Bodkin Arrow
53:04 Bracer
64:09 Heavy Scorpion
69:44 Padded Archer Armor
69:50 Scale Barding Armor
69:53 Light Cavalry
71:19 Chain Barding Armor
72:19 Padded Archer Armor
Darkfield
0:33 Loom
14:31 Feudal Age
15:21 Man-at-Arms
23:38 Wheelbarrow
23:49 Double-Bit Axe
23:54 Horse Collar
27:08 Castle Age
26:05 Gold Mining
27:24 Town Watch
31:01 Fervor
31:56 Kamandaran
32:08 Fletching
32:33 Bow Saw
33:16 Bodkin Arrow
34:34 Thumb Ring
34:40 Crossbowman
38:44 Scale Barding Armor
39:33 Forging
40:29 Chain Barding Armor
41:05 Ballistics
41:30 Iron Casting
42:25 Hand Cart
47:12 Imperial Age
46:32 Heavy Plow
47:10 Gold Shaft Mining
46:46 Husbandry
47:05 Bloodlines
48:44 Chemistry
48:11 Conscription
48:32 Masonry
49:39 Two-Man Saw
50:15 Blast Furnace
50:51 Elite War Elephant
52:07 Padded Archer Armor
55:26 Plate Barding Armor
57:34 Crop Rotation
62:30 Citadels
64:06 Capped Ram
66:41 Leather Archer Armor
Connection lost

Rejoining the realm…

Still unreachable

The connection could not be restored.

Session expired

The server has moved on; the page needs a fresh start.